 Dungeon Crawl Stone Soup version 0.30-a0-672-gc3a7216ad8 (console) character file.

Game seed: 5563317847314636114

11 petzl the Sneak (level 2, 0/24 HPs)
             Began as a Formicid Delver on Jan 18, 2023.
             Killed from afar by a white imp (9 damage)
             ... with a puff of frost
             ... on level 7 of the Dungeon.
             The game lasted 00:04:48 (521 turns).

petzl the Sneak (Formicid Delver)                    Turns: 521, Time: 00:04:48

Health: 0/24       AC:  6    Str: 16    XL:     2   Next: 40%
Magic:  4/4        EV: 11    Int:  9    God:
Gold:   69         SH:  0    Dex: 15    Spells: 3/4 levels left

rFire   . . .      SeeInvis +    a - +0 mace
rCold   . . .      Faith    .    (no shield)
rNeg    . . .      Spirit   .    i - +0 ring mail
rPois   .          Reflect  .    (helmet unavailable)
rElec   .          Harm     .    j - +0 cloak
rCorr   .          Rampage  .    (no gloves)
Will    .....                    (no boots)
Stlth   +++                      (no amulet)
HPRegen 0.24/turn                (no ring)
MPRegen 0.09/turn                (no ring)

@: no status effects
A: permanent stasis, dig shafts and tunnels, antennae 3, four strong arms
a: Dig, Shaft Self


You were on level 7 of the Dungeon.
You visited 2 branches of the dungeon, and saw 4 of its levels.

You collected 69 gold pieces.

Inventory:

Hand Weapons
 a - a +0 mace (weapon)
Armour
 b - a +0 leather armour
 i - a +0 ring mail (worn)
 j - a +0 cloak (worn)
Wands
 g - a wand of digging (3)
 h - a wand of roots (4)
Scrolls
 c - a scroll of fog
 d - 2 scrolls of magic mapping
 e - a scroll of fear
 k - a scroll of teleportation {unknown}
 l - a scroll of identify {unknown}
 m - a scroll of amnesia {unknown}
 n - a scroll of noise {unknown}
Potions
 f - a potion of haste


   Skills:
 - Level 3.2 Fighting
 - Level 2.0 Maces & Flails
 - Level 1.7 Dodging
 - Level 6.0 Stealth
 + Level 1.9 Spellcasting
 + Level 0.0 Conjurations


You had 3 spell levels left.
You knew the following spells:

 Your Spells              Type           Power      Damage    Failure   Level
a - Magic Dart            Conj           0%         1d3       54%         1

Your spell library contained the following spells:

 Spells                   Type           Power      Damage    Failure   Level
 Cigotuvi's Dreadful Rot  Necr/Pois/Air  0%         N/A       69%         2
 Searing Ray              Conj           0%         2d4       69%         2
 Dazzling Flash           Conj/Hex       0%         N/A       89%         3
 Dispel Undead            Necr           0%         3d6       100%        4
 Fulminant Prism          Conj/Hex       0%         3d5       100%        4
 Iskenderun's Mystic Bla  Conj/Tloc      0%         2d3       100%        4
 Death Channel            Necr           0%         N/A       100%        6
 Starburst                Conj/Fire      0%         6d3       100%        6


Dungeon Overview and Level Annotations

Branches:
Dungeon (7/15)             Temple (1/1) D:7

Altars:
Ashenzari
Cheibriados
Dithmenos
Elyvilon
Fedhas
Gozag
Hepliaklqana
Kikubaaqudgha
Makhleb
Nemelex Xobeh
Qazlal
Ru
Sif Muna
Trog
Wu Jian
Xom
Yredelemnul
Zin

Shops:
D:6 :[

Annotations:
D:7 1 runed translucent door, exclusion: wight


Innate Abilities, Weirdness & Mutations

You cannot be hasted, slowed, berserked, paralysed or teleported.
You can dig through walls and to a lower floor.
You have a pair of large antennae on your head. (SInv)
Your four strong arms can wield two-handed weapons with a shield.


Message History

You open the door.
There is an open door here.
You pick up a book of Conjurations and begin reading...
You add the spells Magic Dart, Searing Ray and Fulminant Prism to your library.
Memorise Magic Dart, consuming 1 spell level and leaving 3?
You start memorising the spell.
You continue memorising.
You finish memorising.
Spell assigned to 'a'.
Unknown command.
Unknown command.
Okay, then.
Unknown command.
Unknown command.
Unknown command.
A wight comes into view. It is wielding a +0 dagger.
Press: ? - help, . - travel You can't see that place. [the floor.] Placed new exclusion.
Unknown command.
Unknown command.
You pick up a book of Spectacle and begin reading...
You add the spells Dazzling Flash, Iskenderun's Mystic Blast and Starburst to your library.
You sense a monster nearby.
You sense a monster nearby.
A white imp comes into view.
Unknown command.
Unknown command.
Unknown command.
The white imp closely misses you.
You hit the white imp but do no damage. The white imp gestures at you.
The puff of frost hits you.
You hit the white imp but do no damage. The white imp barely misses you.
You sock the white imp!
The white imp is severely wounded.
The white imp gestures at you. The puff of frost hits you!
The white imp gestures at you. The puff of frost hits you!
You die...

######## .......#
######.# #.#
###########
######.#####.........#
..........##.#######.#
######.##.##.# #.#
##...#.##.##### #.#
#.............# #.#
......####.###.###.#
#####.## #.# #...#.#
#.# #.###...#.# #.#
#.........# ######+##
######.#### #.......##
#.# .........## ##.#
..#.#.....## ##.@#
.#.#.#.....####..5##
#.#.#.#....'.......#
.#.>.#.....####...##
#.#.#.#...## ##..##
.#.#.#...## ##..#
..#.#...## ##.#
........# #.#
####.#.## #.# #...#
#.# ##.# { #.# ... #.#
.. #.# #...# #....# {
.|...# ..~..# ..~~..#
..~/..#


You could see a white imp.

Vanquished Creatures
  A gnoll (D:6)
  An orc (D:6)
2 creatures vanquished.

Notes
Turn   | Place    | Note
-------+----------+-------------------------------------------
     0 | D:5      | petzl the Formicid Delver began the quest for the Orb.
     0 | D:5      | Reached XP level 1. HP: 18/18 MP: 1/1
     1 | D:5      | Noticed a gnoll sergeant
     1 | D:5      | Noticed an ogre
    56 | D:6      | Noticed a scorpion
    78 | D:5      | You fall into a shaft and drop 2 floors!
   108 | D:7      | Found a runed translucent door.
   108 | D:7      | Noticed a gnoll sergeant
   155 | D:7      | Noticed a wight
   156 | D:7      | Noticed a wight
   156 | D:7      | Noticed a wight
   156 | D:7      | Noticed a wight
   164 | D:7      | Noticed a wight
   165 | D:7      | Noticed an orc priest
   167 | D:6      | Found Qyv Dih's Antique Armour Shoppe.
   175 | D:6      | Reached skill level 1 in Spellcasting
   175 | D:6      | Reached XP level 2. HP: 13/24 MP: 1/4
   240 | D:6      | Found Opuc's Book Shop.
   243 | D:6      | Noticed a scorpion
   259 | D:6      | You fall into a shaft and drop 1 floor!
   259 | D:7      | Found a staircase to the Ecumenical Temple.
   265 | Temple   | Entered the Ecumenical Temple
   413 | D:7      | Learned a level 1 spell: Magic Dart
   446 | D:7      | Noticed a wight
   521 | D:7      | Killed from afar by a white imp

Illustrated notes

Levels and vault maps discovered:
D:5:      layout_cave_pools, kennysheep_mini_moat, serial_gnoll_camp,
          gnoll_camp_mini_shop, gnoll_camp_mini_hut, gnoll_camp_medium_01,
          gnoll_camp_medium_02, gnoll_camp_huts_basic, gnoll_camp_mini_doghouse,
          minmay_chambers_of_fives
D:6:      layout_basic, serial_shops, nicolae_shop_overgrown_old_shop, shop
D:7:      layout_loops_corners, minmay_temple_entry_grid,
          ebering_ghost_reflecting_pool, chequers_serial_rivers_micro_c
Temple:   mainiacjoe_temple_coin_purse

Skill      XL: |  1 |
---------------+----+-----
Spellcasting   | 1 |  1.9
Fighting       | |  3.2
Maces & Flails | |  2.0
Dodging        | |  1.7
Stealth        | |  6.0

Action                   || total
-------------------------++-------
Melee: Mace              ||    14
 Abil: Shaft Self        ||     2
       Dig               ||     1
Armor: Ring mail         ||     5
       Leather armour    ||     1
Dodge: Dodged            ||    13

Table legend: (Time is in decaauts)
 A = Elapsed time spent in this place.
 B = Non-inter-level travel time spent in this place.
 C = Inter-level travel time spent in this place.
 D = Time resting spent in this place.
 E = Time spent auto-exploring this place.
 F = Levels seen in this place.
 G = Mean time per level.
                   A        B        C        D        E       F      G
               +--------+--------+--------+--------+--------+-----+--------+
         Total |    525 |    512 |     13 |     45 |    168 |   4 |  131.2 |
       Dungeon |    421 |    420 |      1 |     45 |    119 |   3 |  140.3 |
        Temple |    103 |     91 |     12 |      0 |     49 |   1 |  103.0 |
               +--------+--------+--------+--------+--------+-----+--------+

Top non-repeatable levels by time:
     D:7: 247 daAuts
     D:6: 154 daAuts
  Temple: 103 daAuts
     D:5: 19 daAuts
